 Dungeon Crawl Stone Soup version 0.28.0-45-g0d030f2227 (webtiles) character file.

Game seed: 14990686203854157192

114 styxcanada the Sneak (level 4, 0/23 HPs)
             Began as a Spriggan Brigand on Apr 22, 2022.
             Killed from afar by a white imp (2 damage)
             ... with a puff of frost
             ... summoned by Natasha
             ... on level 2 of the Dungeon.
             The game lasted 00:09:23 (2133 turns).

styxcanada the Sneak (Spriggan Brigand)             Turns: 2133, Time: 00:09:24

Health: 0/23       AC:  3    Str:  7    XL:     4   Next: 67%
Magic:  5/5        EV: 17    Int: 12    God:
Gold:   91         SH:  0    Dex: 18    Spells: 3/3 levels left

rFire   . . .      SeeInvis +   a - +2 dagger
rCold   . . .      Faith    .   (no shield)
rNeg    . . .      Spirit   .   b - +0 robe
rPois   .          Reflect  .   (helmet restricted)
rElec   .          Harm     .   c - +0 cloak
rCorr   .          Rampage  .   (gloves unavailable)
Will    .....                   (boots unavailable)
Stlth   ++++......              (no amulet)
HPRegen 0.07/turn               (no ring)
MPRegen 0.09/turn               (no ring)

@: very quick
A: very small, no large weapons, unfitting armour, see invisible, speed 3
a: no special abilities


You were on level 2 of the Dungeon.
You visited 1 branch of the dungeon, and saw 2 of its levels.

You collected 91 gold pieces.

Inventory:

Hand Weapons
 a - a +2 dagger (weapon)
 f - a +0 hunting sling
Missiles
 d - 3 poisoned darts (quivered)
 e - a curare-tipped dart
 i - 49 stones
Armour
 b - a +0 robe (worn)
 c - a +0 cloak (worn)
Scrolls
 g - a scroll of teleportation
 j - a scroll of magic mapping
 n - a scroll of fear {unknown}
Potions
 l - a potion of flight
 m - a potion of lignification {unknown}
 o - a potion of brilliance {unknown}
 p - a potion of attraction {unknown}


   Skills:
 * Level 2.3 Fighting
 + Level 2.7 Short Blades
 + Level 1.8(2.5) Slings
 + Level 2.1(2.3) Throwing
 * Level 2.5 Dodging
 * Level 7.2 Stealth


You had 3 spell levels left.
You didn't know any spells.
Your spell library was empty.

Dungeon Overview and Level Annotations

Branches:
Dungeon (2/15)

Altars:

Annotations:
D:2 Natasha


Innate Abilities, Weirdness & Mutations

You are very small and have problems with some larger weapons.
You are too small for most types of armour.
You have supernaturally acute eyesight. (SInv)
You cover ground extremely quickly. (Speed+++)


Message History

l - a potion of flight You see here a +0 giant spiked club.
Done exploring.
(D) Dungeon
Where to? (Enter - D:2, ? - help)
What level of the Dungeon? (default 1, ? - help) Natasha, Servant of Life and Death comes into view.
Throw: 7 darts (poison)
Press: ? - help, Q - select action, (/) - cycle Shift-Dir - straight line, f - Natasha
Aim: Natasha (56% to hit)
You throw a poisoned dart.
The poisoned dart closely misses Natasha.
Throw: 6 darts (poison)
Press: ? - help, Q - select action, (/) - cycle Shift-Dir - straight line, f/p - Natasha
Aim: Natasha (56% to hit)
You throw a poisoned dart. The poisoned dart hits Natasha!
Natasha is poisoned.
Throw: 5 darts (poison)
Press: ? - help, Q - select action, (/) - cycle Shift-Dir - straight line, f/p - Natasha
Aim: Natasha (very poisoned, 56% to hit)
You throw a poisoned dart.
The poisoned dart closely misses Natasha.
Natasha growls.
Natasha casts a spell at you. The magic dart hits you!
Throw: 4 darts (poison)
Press: ? - help, Q - select action, (/) - cycle Shift-Dir - straight line, f/p - Natasha
Aim: Natasha (lightly wounded, poisoned, 56% to hit)
You throw a poisoned dart. The poisoned dart hits Natasha.
Natasha looks even sicker.
Natasha is lightly wounded.
Natasha extends her claws.
Natasha casts a spell.
The white imp gestures at you. The puff of frost hits you!
Ouch! That really hurt!
* * * LOW HITPOINT WARNING * * *
The white imp shouts, "Give up, thou obnoxious shard-borne flirt-gill!"
The white imp gestures at you. The puff of frost hits you.
You die...

# # # # #
#################
########....5h.......(..
#......@.###############
#....##### # ####.####
#....# ####.### #...#
###.## #..## ##..#### #


You could see Natasha (poisoned) and a white imp (summoned).

Vanquished Creatures
  Natasha (D:2)
  Robin (D:2)
  3 adders (D:2)
  A dart slug (D:1)
  2 bats (D:1)
  3 endoplasms
  3 giant cockroaches (D:1)
  7 hobgoblins
  6 kobolds
  3 ball pythons
  2 frilled lizards
  11 goblins
  5 rats
48 creatures vanquished.

Notes
Turn   | Place    | Note
-------+----------+-------------------------------------------
     0 | D:1      | styxcanada the Spriggan Brigand began the quest for the
                  | Orb.
     0 | D:1      | Reached XP level 1. HP: 10/10 MP: 2/2
   124 | D:1      | Reached skill level 6 in Stealth
   331 | D:1      | Reached XP level 2. HP: 13/15 MP: 3/3
  1173 | D:2      | Reached XP level 3. HP: 18/18 MP: 4/4
  1314 | D:2      | Noticed Robin
  1352 | D:2      | Reached skill level 7 in Stealth
  1470 | D:2      | Killed Robin
  1471 | D:2      | Reached XP level 4. HP: 18/23 MP: 5/5
  2043 | D:2      | Noticed Natasha
  2046 | D:2      | Reached skill level 1 in Slings
  2047 | D:2      | Killed Natasha
  2108 | D:2      | Noticed Natasha
  2133 | D:2      | Killed from afar by a white imp

Illustrated notes

Levels and vault maps discovered:
D:1:      lightli_arrival_farm, layout_loops_ring, chequers_serial_rivers_marsh,
          minmay_pentomino_o4
D:2:      layout_rooms, uniq_natasha, uniq_robin

Skill      XL: |  1  2  3  4 |
---------------+-------------+-----
Stealth        | 6 7 |  7.2
Dodging        | 2 |  2.5
Fighting       | 2 |  2.3
Slings         | 1 |  1.8
Short Blades   | |  2.7
Throwing       | |  2.1

Action                   |  1- 3 |  4- 6 || total
-------------------------+-------+-------++-------
Melee: Dagger            |    65 |    17 ||    82
 Fire: Hunting sling     |    37 |     9 ||    46
Throw: Dart              |    24 |     6 ||    30
       Stone             |     2 |       ||     2
  Use: Scroll            |       |     4 ||     4
 Stab: Sleeping          |    11 |     2 ||    13
Armor: Robe              |    10 |     2 ||    12
Dodge: Dodged            |    29 |     8 ||    37
